 Dungeon Crawl Stone Soup version 0.27.1-1-g398f81649c (webtiles) character file.

Game seed: 7787106217019398735

178 eagelman13509 the Ruffian (level 5, -8/43 HPs)
             Began as a Gnoll Wanderer on Sept 18, 2021.
             Was a Believer of Fedhas.
             Mangled by Crazy Yiuf (9 damage)
             ... on level 3 of the Dungeon on Sept 19, 2021.
             The game lasted 00:21:01 (3656 turns).

eagelman13509 the Ruffian (Gnoll Wanderer)          Turns: 3656, Time: 00:21:02

Health: -8/43      AC: 10    Str: 13    XL:     5   Next: 58%
Magic:  16/16      EV: 10    Int: 10    God:    Fedhas [**....]
Gold:   84         SH:  0    Dex: 12    Spells: 7/7 levels left

rFire    . . .     SeeInvis .   g - +0 whip
rCold    . . .     Faith    .   (no shield)
rNeg     . . .     Spirit   .   b - +2 scale mail
rPois    .         Reflect  .   l - +1 helmet
rElec    .         Harm     .   (no cloak)
rCorr    .         Rampage  .   (no gloves)
Will     .....                  (no boots)
Stlth    +.........             (no amulet)
HPRegen  0.14/turn              f - ring of wizardry
MPRegen  0.15/turn              r - ring of magical power

@: no status effects
A: fangs 1, strong nose, distributed training
a: Renounce Religion, Wall of Briars


You were on level 3 of the Dungeon.
You worshipped Fedhas.
Fedhas was pleased with you.
You visited 1 branch of the dungeon, and saw 3 of its levels.

You collected 84 gold pieces.

Inventory:

Hand Weapons
 a - a +0 quarterstaff
 g - a +0 whip (weapon)
 m - a +0 mace
 p - a +2 dagger of venom
Missiles
 e - 109 stones (quivered)
Armour
 b - a +2 scale mail (worn)
 j - a +1 ring mail of positive energy
 l - a +1 helmet (worn)
Jewellery
 f - a ring of wizardry (left hand)
 r - a ring of magical power (right hand)
Scrolls
 d - a scroll of holy word {unknown}
 h - a scroll of noise {unknown}
 i - 2 scrolls of identify {unknown}
 q - a scroll of fog {unknown}
 s - a scroll of teleportation {unknown}
Potions
 c - 3 potions of curing
 k - a potion of brilliance {unknown}
 n - a potion of attraction {unknown}
 o - a potion of ambrosia {unknown}


   Skills:
 + Level 4.8 Fighting
 + Level 1.5 Short Blades
 + Level 1.5 Long Blades
 + Level 1.5 Axes
 + Level 3.0 Maces & Flails
 + Level 1.5 Polearms
 + Level 1.5 Staves
 + Level 1.5 Slings
 + Level 1.5 Bows
 + Level 1.5 Crossbows
 + Level 3.0 Throwing
 + Level 3.0 Armour
 + Level 3.0 Dodging
 + Level 2.8 Stealth
 + Level 3.0 Shields
 + Level 4.8 Unarmed Combat
 + Level 1.5 Spellcasting
 + Level 1.2 Conjurations
 + Level 1.2 Hexes
 + Level 1.2 Summonings
 + Level 1.2 Necromancy
 + Level 1.2 Translocations
 + Level 1.2 Transmutations
 + Level 1.2 Fire Magic
 + Level 1.2 Ice Magic
 + Level 1.2 Air Magic
 + Level 1.2 Earth Magic
 + Level 1.2 Poison Magic
 + Level 1.7 Invocations
 + Level 1.5 Evocations


You had 7 spell levels left.
You didn't know any spells.
Your spell library was empty.

Dungeon Overview and Level Annotations

Branches:
Dungeon (3/15)

Altars:
Fedhas

Shops:
D:1 =

Annotations:
D:2 Sigmund
D:3 Crazy Yiuf


Innate Abilities, Weirdness & Mutations

You have very sharp teeth.
Your uncanny sense of smell can sniff out nearby items.
Your experience applies equally to all skills.


Message History

Crazy Yiuf freezes you.
There is an open translucent door here.
You hit Crazy Yiuf.
Crazy Yiuf is lightly wounded.
Crazy Yiuf zaps a wand.
The puff of flame hits you but does no damage.
You barely miss Crazy Yiuf.
Crazy Yiuf is lightly wounded.
Crazy Yiuf hits you with a +3 quarterstaff of chaos!
Space warps horribly around you!
* * * LOW HITPOINT WARNING * * *
You hit Crazy Yiuf but do no damage.
Crazy Yiuf is lightly wounded.
Crazy Yiuf closely misses you.
You barely miss Crazy Yiuf.
Crazy Yiuf is lightly wounded.
Crazy Yiuf zaps a wand.
The puff of flame misses you.
You hit Crazy Yiuf. You punch Crazy Yiuf.
Crazy Yiuf is moderately wounded.
Crazy Yiuf zaps a wand.
The puff of flame misses you.
You hit Crazy Yiuf but do no damage.
Crazy Yiuf is moderately wounded.
Crazy Yiuf barely misses you.
You hit Crazy Yiuf but do no damage.
Crazy Yiuf is moderately wounded.
You closely miss Crazy Yiuf.
Crazy Yiuf is moderately wounded.
Crazy Yiuf yells, "Goldfish stair verde!"
Crazy Yiuf hits you but does no damage.
You barely miss Crazy Yiuf. You bite Crazy Yiuf, but do no damage.
Crazy Yiuf is moderately wounded.
Crazy Yiuf hits you with a +3 quarterstaff of chaos.
* * * LOW HITPOINT WARNING * * *
Crazy Yiuf freezes you.
* * * LOW HITPOINT WARNING * * *
You hit Crazy Yiuf.
Crazy Yiuf is heavily wounded.
Crazy Yiuf hits you with a +3 quarterstaff of chaos!
You die...
Fedhas appreciates your contribution to the ecosystem.

##### #)..#
#...# #.g.#
#@# ♣.♣♣
###########
♣♣.♣
##.#.#.#...#
♣.♣♣
#..........#
♣♣.♣
.#.#.#.#...#
♣♣.♣♣
...........#
♣♣...♣ ###
##.#.#.#...#
♣....♣ #.#
#..........#
#....# #.#


You could see Crazy Yiuf.

Vanquished Creatures
  Terence (D:2)
  An orc wizard (D:3)
  Robin (D:2)
  5 adders
  A dart slug (D:2)
  5 orcs
  6 ball pythons
  5 endoplasms
  A giant cockroach (D:1)
  10 goblins
  8 hobgoblins
  4 jackals (D:2)
  A quokka (D:1)
  3 bats
  3 frilled lizards
  7 kobolds
  2 rats (D:3)
64 creatures vanquished.

Vanquished Creatures (others)
  10 plants (D:2)
10 creatures vanquished.

Grand Total: 74 creatures vanquished

Notes
Turn   | Place    | Note
-------+----------+-------------------------------------------
     0 | D:1      | eagelman13509 the Gnoll Wanderer began the quest for the
                  | Orb.
     0 | D:1      | eagelman13509 set off with the following items: a +0
                  | quarterstaff, a +2 scale mail, a potion of curing
     0 | D:1      | Reached XP level 1. HP: 20/20 MP: 1/1
    59 | D:1      | Found Butzueck's Jewellery Boutique.
    79 | D:1      | Found a faded altar of an unknown god.
    87 | D:1      | Became a worshipper of Fedhas Madash
    87 | D:1      | Reached * piety under Fedhas
   195 | D:1      | Reached XP level 2. HP: 25/26 MP: 2/2
   894 | D:2      | Noticed Terence
   924 | D:2      | Killed Terence
   925 | D:2      | Reached skill level 1 in Invocations
   925 | D:2      | Reached XP level 3. HP: 6/31 MP: 2/4
  1298 | D:2      | Reached skill level 1 in Short Blades
  1298 | D:2      | Reached skill level 1 in Long Blades
  1298 | D:2      | Reached skill level 1 in Axes
  1298 | D:2      | Reached skill level 1 in Polearms
  1298 | D:2      | Reached skill level 1 in Staves
  1298 | D:2      | Reached skill level 1 in Slings
  1298 | D:2      | Reached skill level 1 in Bows
  1298 | D:2      | Reached skill level 1 in Crossbows
  1298 | D:2      | Reached skill level 1 in Spellcasting
  1298 | D:2      | Reached skill level 1 in Evocations
  1334 | D:2      | Reached ** piety under Fedhas
  1433 | D:2      | Noticed Sigmund
  1754 | D:2      | Reached XP level 4. HP: 23/38 MP: 5/5
  2165 | D:2      | Noticed Robin
  2192 | D:2      | Killed Robin
  2193 | D:2      | Reached skill level 1 in Conjurations
  2193 | D:2      | Reached skill level 1 in Hexes
  2193 | D:2      | Reached skill level 1 in Summonings
  2193 | D:2      | Reached skill level 1 in Necromancy
  2193 | D:2      | Reached skill level 1 in Translocations
  2193 | D:2      | Reached skill level 1 in Transmutations
  2193 | D:2      | Reached skill level 1 in Fire Magic
  2193 | D:2      | Reached skill level 1 in Ice Magic
  2193 | D:2      | Reached skill level 1 in Air Magic
  2193 | D:2      | Reached skill level 1 in Earth Magic
  2193 | D:2      | Reached skill level 1 in Poison Magic
  2742 | D:3      | Reached XP level 5. HP: 26/43 MP: 6/6
  3492 | D:3      | Found a runed translucent door.
  3493 | D:3      | Noticed Crazy Yiuf
  3655 | D:3      | HP: 2/43 [Crazy Yiuf (2)]
  3656 | D:3      | Mangled by Crazy Yiuf

Illustrated notes

Levels and vault maps discovered:
D:1:      onia_arrival_pentagram, layout_basic, basic_ecumenical_altar,
          serial_shops, nicolae_shop_statue_plus
D:2:      layout_basic, minmay_tree_intersection, serial_bayou_pond_e,
          serial_bayou_pond_c, item_on_display_a, uniq_sigmund, uniq_robin,
          uniq_terence
D:3:      layout_rooms, amcnicky_mini_corridor_feature, st_stairs_12,
          uniq_crazy_yiuf_cottage

Skill      XL: |  1  2  3  4  5 |
---------------+----------------+-----
Invocations    | 1 |  1.7
Short Blades   | 1 |  1.5
Long Blades    | 1 |  1.5
Axes           | 1 |  1.5
Polearms       | 1 |  1.5
Staves         | 1 |  1.5
Slings         | 1 |  1.5
Bows           | 1 |  1.5
Crossbows      | 1 |  1.5
Spellcasting   | 1 |  1.5
Evocations     | 1 |  1.5
Conjurations   | 1 |  1.2
Hexes          | 1 |  1.2
Summonings     | 1 |  1.2
Necromancy     | 1 |  1.2
Translocations | 1 |  1.2
Transmutations | 1 |  1.2
Fire Magic     | 1 |  1.2
Ice Magic      | 1 |  1.2
Air Magic      | 1 |  1.2
Earth Magic    | 1 |  1.2
Poison Magic   | 1 |  1.2
Maces & Flails | 3 |  3.0
Throwing       | 3 |  3.0
Armour         | 3 |  3.0
Dodging        | 3 |  3.0
Shields        | 3 |  3.0
Fighting       | |  4.8
Stealth        | |  2.8
Unarmed Combat | |  4.8

Action                   |  1- 3 |  4- 6 || total
-------------------------+-------+-------++-------
Melee: Quarterstaff      |    22 |       ||    22
       Bite              |    12 |    14 ||    26
       Whip              |    76 |   208 ||   284
       Punch             |       |     2 ||     2
Throw: Stone             |    10 |     5 ||    15
  Use: Potion            |       |     1 ||     1
Armor: Scale mail        |    58 |   132 ||   190
Dodge: Dodged            |    44 |   132 ||   176
